 Dungeon Crawl Stone Soup version 0.22.1-1-ga44c0e5 (webtiles) character file.

185 Folque the Magician (level 5, -2/34 HPs)
             Began as an Octopode Wizard on Sept 29, 2018.
             Slain by an adder (5 damage)
             ... in a sewer.
             The game lasted 00:13:20 (2734 turns).

Folque the Magician (Octopode Wizard)               Turns: 2734, Time: 00:13:21

Health: -2/34      AC:  1    Str:  6    XL:     5   Next: 64%
Magic:  2/11       EV: 10    Int: 21    God:
Gold:   123        SH:  0    Dex: 11    Spells: 1/12 levels left

rFire    + . .     SeeInvis .   q - +0 short sword (elec)
rCold    + . .     Gourm    .   (no shield)
rNeg     . . .     Faith    .   a - +0 hat
rPois    +         Spirit   .   (no amulet)
rElec    +         Reflect  .   r - ring of wizardry
rCorr    +         Harm     .   (no ring)
MR       .....                  (no ring)
Stlth    ++++......             (no ring)
HPRegen  0.11/turn              (no ring)
MPRegen  0.12/turn              (no ring)
                                (no ring)
                                (no ring)

@: lethally poisoned (-2 -> -14), resistant, hasted, constricted, very quick
A: almost no armour, stealthy swim, amphibious, 8 rings, constrict 8, camouflage
1, gelatinous body 1
a: no special abilities


You were in a sewer.
You were hungry.

You visited 1 branch of the dungeon, and saw 3 of its levels.
You also visited: Sewer.

You collected 123 gold pieces.

Inventory:

Hand Weapons
 b - a +0 hunting sling
 e - a +0 dagger
 m - a +0 trident
 q - a +0 short sword of electrocution (weapon)
 t - a +2 trident of protection
Armour
 a - a +0 hat (worn)
Jewellery
 r - a ring of wizardry (left tentacle)
Scrolls
 g - a scroll of remove curse {unknown}
 h - 5 scrolls of teleportation
 i - a scroll of magic mapping
 j - a scroll of identify
 k - a scroll of enchant weapon {unknown}
 n - a scroll of amnesia {unknown}
Potions
 d - a potion of berserk rage {unknown}
 f - 3 potions of lignification
 o - a potion of ambrosia {unknown}
 u - 4 potions of flight
Comestibles
 c - 5 rations
 s - 19 chunks of flesh


   Skills:
 - Level 2.0 Fighting
 + Level 0.0 Slings
 - Level 2.0 Dodging
 * Level 3.9 Stealth
 - Level 4.1 Spellcasting
 - Level 2.0 Conjurations
 - Level 1.0 Summonings
 - Level 1.0 Translocations
 - Level 1.1 Air Magic
 + Level 1.8 Poison Magic


You had one spell level left.
You knew the following spells:

 Your Spells              Type           Power        Failure   Level  Hunger
a - Magic Dart            Conj           ##..         1%          1    None
b - Call Imp              Summ           #.......     4%          2    #......
c - Blink                 Tloc           N/A          4%          2    #......
d - Mephitic Cloud        Conj/Pois/Air  ##......     8%          3    ###....
e - Conjure Flame         Conj/Fire      #.......     10%         3    ###....

Your spell library contained the following spells:

 Spells                   Type           Power        Failure   Level  Hunger
 Slow                     Hex            #.......     8%          2    #......


Dungeon Overview and Level Annotations

Branches:
Dungeon (3/15)

Altars:


Innate Abilities, Weirdness & Mutations

You cannot wear most types of armour.
You are very stealthy in the water. (Stealth+)
You are amphibious.
You can wear up to eight rings at the same time.
You can use your tentacles to constrict eight enemies at once.
Your skin changes colour to match your surroundings (Stealth+).
Your rubbery body absorbs attacks. (AC +1, EV +1)


Message History

The ball python barely misses you.
* * * LOW HITPOINT WARNING * * *
The ball python constricts you. The adder bites you.
* * * LOW HITPOINT WARNING * * *
You are more poisoned.
The adder poisons you! The adder bites you.
* * * LOW HITPOINT WARNING * * *
It was a potion of haste.
You feel yourself speed up.
* * * LOW HITPOINT WARNING * * *
You feel sick. The ball python misses you.
* * * LOW HITPOINT WARNING * * *
The ball python constricts you. The adder closely misses you.
Your crimson imp blinks!
The adder completely misses you.
It was a potion of resistance.
You feel protected. The ball python bites you.
* * * LOW HITPOINT WARNING * * *
The ball python constricts you. The adder misses you. The adder bites you.
You die...

#≈≈≈≈≈≈≈≈≈≈≈≈≈.# #..#
#≈≈≈≈≈≈≈≈≈≈≈≈≈.# #..#
#≈≈≈≈≈≈≈≈≈≈≈≈≈≈###.†#
#≈≈≈≈≈≈≈≈≈≈≈≈≈≈≈≈#..####
#≈≈≈≈≈≈≈≈≈≈≈≈≈≈≈≈≈≈÷≈≈≈≈
#≈≈≈≈≈≈≈≈≈≈≈≈≈≈≈≈#..####
#≈≈≈≈≈≈≈≈≈≈≈≈≈≈###..# #
#≈≈≈≈≈SSS≈≈≈≈≈≈# ##.# #
#≈≈≈≈≈≈@≈≈≈≈≈≈## #..###
#≈≈≈≈≈≈≈≈≈≈≈≈≈≈ ##....
#≈≈≈≈≈≈≈≈≈≈≈≈≈≈ #####
#≈≈5≈≈≈≈≈≈≈≈≈≈≈
#≈≈≈≈≈≈≈≈≈≈≈≈≈≈
#≈≈≈≈≈≈≈≈≈≈≈≈≈≈
###############
###############


You could see 2 adders, a ball python and a friendly crimson imp.

Vanquished Creatures
  2 merfolk sirens (Sewer)
  Robin (D:2)
  A gnoll (D:1)
  2 adders
  2 river rats (Sewer)
  2 worms (D:2)
  2 dart slugs (D:2)
  A leopard gecko (Sewer)
  4 ball pythons
  2 giant cockroaches
  7 goblins
  6 hobgoblins
  2 jackals (D:1)
  6 bats
  7 frilled lizards
  5 kobolds
  26 rats
78 creatures vanquished.

Vanquished Creatures (collateral kills)
  An adder (D:3)
  3 giant cockroaches (D:3)
  3 goblins (D:2)
  A ball python (Sewer)
  A rat (Sewer)
9 creatures vanquished.

Grand Total: 87 creatures vanquished

Notes
Turn   | Place    | Note
-------+----------+-------------------------------------------
     0 | D:1      | Folque the Octopode Wizard began the quest for the Orb.
     0 | D:1      | Reached XP level 1. HP: 11/11 MP: 4/4
   263 | D:1      | Reached skill level 1 in Fighting
   263 | D:1      | Reached XP level 2. HP: 18/18 MP: 0/6
   771 | D:1      | Reached XP level 3. HP: 23/23 MP: 7/7
   923 | D:1      | Learned a level 2 spell: Call Imp
   962 | D:1      | Learned a level 2 spell: Blink
   966 | D:1      | Learned a level 3 spell: Mephitic Cloud
  1000 | D:2      | Noticed Robin
  1030 | D:2      | Killed Robin
  1406 | D:2      | Reached XP level 4. HP: 26/29 MP: 9/9
  1552 | D:2      | Reached skill level 1 in Poison Magic
  2164 | D:3      | Found a glowing drain.
  2385 | Sewer    | Entered a sewer
  2397 | Sewer    | Reached skill level 1 in Air Magic
  2469 | Sewer    | Reached XP level 5. HP: 28/34 MP: 3/10
  2565 | Sewer    | Reached skill level 4 in Spellcasting
  2665 | Sewer    | Learned a level 3 spell: Conjure Flame
  2720 | Sewer    | Noticed a malarious merfolk avatar
  2734 | Sewer    | Slain by an adder

Skill      XL: |  1  2  3  4  5 |
---------------+----------------+-----
Fighting       | 1 2 |  2.0
Conjurations   | 2 |  2.0
Poison Magic   | 1 |  1.8
Stealth        | 3 |  3.9
Air Magic      | 1 |  1.1
Spellcasting   | 4 |  4.1
Dodging        | |  2.0
Summonings     | |  1.0
Translocations | |  1.0

Action                   |  1- 3 |  4- 6 || total
-------------------------+-------+-------++-------
Melee: Unarmed           |    21 |       ||    21
       Dagger            |    35 |       ||    35
       Constrict         |    17 |    19 ||    36
       Tentacles         |     7 |     8 ||    15
       Trident           |    47 |    23 ||    70
       Short sword       |       |    79 ||    79
 Cast: Magic Dart        |    11 |     3 ||    14
       Call Imp          |     1 |     8 ||     9
       Mephitic Cloud    |     1 |     3 ||     4
       Conjure Flame     |       |     1 ||     1
       Blink             |       |     1 ||     1
  Use: Scroll            |       |     4 ||     4
       Potion            |       |     3 ||     3
 Stab: Sleeping          |     5 |    14 ||    19
       Distracted        |     2 |     2 ||     4
       Confused          |     2 |       ||     2
  Eat: Chunk             |     2 |     4 ||     6
Armor: Skin              |     9 |     3 ||    12
Dodge: Dodged            |    45 |    74 ||   119
